 Dungeon Crawl Stone Soup version 0.30-a0-364-gf6b3ef1049 (webtiles) character file.

Game seed: 223856823431674023

3441 experimilk the Destroyer (level 9, -2/71 HPs)
             Began as a Grey Draconian Conjurer on Nov 14, 2022.
             Was a Follower of Fedhas.
             Slain by a sixfirhy (6 damage)
             ... summoned by a kobold demonologist
             ... on level 8 of the Dungeon.
             The game lasted 00:19:01 (8879 turns).

experimilk the Destroyer (Grey Draconian Conjurer)  Turns: 8879, Time: 00:19:03

Health: -2/71      AC: 13    Str:  9    XL:     9   Next: 77%
Magic:  9/15       EV: 12    Int: 22    God:    Fedhas [*.....]
Gold:   330        SH:  0    Dex: 11    Spells: 5/16 levels left

rFire   . . .      SeeInvis .    D - +5 quarterstaff (chaos)
rCold   . . .      Faith    .    (shield currently unavailable)
rNeg    . . .      Spirit   .    (body armour unavailable)
rPois   +          Reflect  .    (helmet restricted)
rElec   .          Harm     .    C - +0 cloak {rPois}
rCorr   .          Rampage  .    (no gloves)
Will    .....                    (no boots)
Stlth   ++........               v - amulet of magic regeneration
HPRegen 0.31/turn                s - ring of wizardry
MPRegen 0.54/turn                i - +4 ring of slaying

@: about to teleport
A: AC +12, amphibious, unfitting armour, cold-blooded
a: Renounce Religion


You were on level 8 of the Dungeon.
You worshipped Fedhas.
Fedhas was aware of your devotion.
You visited 1 branch of the dungeon, and saw 8 of its levels.

You collected 330 gold pieces.

Inventory:

Hand Weapons
 a - a +2 scythe of venom
 g - a +0 trident
 u - a +2 hand axe of electrocution
 D - a +5 quarterstaff of chaos (weapon)
Armour
 C - a +0 cloak of poison resistance (worn)
Jewellery
 h - a ring of poison resistance
 i - a +4 ring of slaying (right hand)
 n - a +6 ring of strength
 s - a ring of wizardry (left hand)
 v - an amulet of magic regeneration (around neck)
 x - an amulet of faith
Wands
 p - a wand of roots (24)
 w - a wand of charming (7)
 y - a wand of light (3)
 z - a wand of digging (4)
Scrolls
 c - a scroll of poison {unknown}
 e - a scroll of brand weapon
 r - 3 scrolls of teleportation
 t - 2 scrolls of butterflies
 B - a scroll of summoning {unknown}
 E - a scroll of identify
Potions
 b - 5 potions of curing
 d - 2 potions of mutation {unknown}
 f - a potion of might {unknown}
 j - 3 potions of brilliance {unknown}
 k - a potion of lignification {unknown}
 l - 3 potions of attraction {unknown}
 m - 2 potions of heal wounds
 o - 2 potions of resistance {unknown}
 q - a potion of berserk rage {unknown}
 A - a potion of flight {unknown}


   Skills:
 - Level 4.0 Fighting
 - Level 2.0 Dodging
 - Level 1.7 Stealth
 - Level 4.0 Spellcasting
 * Level 13.3 Conjurations


You had 5 spell levels left.
You knew the following spells:

 Your Spells              Type           Power      Damage    Failure   Level
a - Fulminant Prism       Conj/Hex       16%        3d10      2%          4
b - Magic Dart            Conj           100%       1d8       1%          1
x - Iskenderun's Mystic   Conj/Tloc      33%        2d8       2%          4
z - Searing Ray           Conj           100%       2d8       1%          2

Your spell library contained the following spells:

 Spells                   Type           Power      Damage    Failure   Level
 Dazzling Flash           Conj/Hex       66%        N/A       1%          3
 Lightning Bolt           Conj/Air       16%        1d30      9%          5
 Portal Projectile        Hex/Tloc       8%         N/A       13%         3
 Tukima's Dance           Hex            4%         N/A       13%         3
 Airstrike                Air            2%         2d(1-17)  38%         4
 Animate Dead             Necr           4%         N/A       38%         4
 Summon Lightning Spire   Summ/Air       4%         N/A       38%         4
 Blade Hands              Tmut           2%         N/A       73%         5
 Haunt                    Necr/Summ      2%         N/A       100%        7
 Infestation              Necr           2%         N/A       100%        8


Dungeon Overview and Level Annotations

Branches:
Dungeon (8/15)             Temple (0/1) D:7
   Lair: D:8-11

Altars:
Cheibriados
Fedhas
Wu Jian

Annotations:
D:4 2 transporters, mcwallace's ghost, amateur OpAE


Innate Abilities, Weirdness & Mutations

Your dull iron-grey scales are very hard. (AC +12)
You are amphibious.
You cannot fit into any form of body armour.
You are cold-blooded and may be slowed by cold attacks.


Message History

Pain shoots through your body!
Casting: Searing Ray (safe; 1% risk of failure)
Confirm with . or Enter, or press ? or * to list all spells.
Aiming: Searing Ray (safe; 1% risk of failure)
Press: ? - help, Shift-Dir - straight line, f - shadow imp
Aim: a shadow imp (summoned, 81% to hit)
The searing ray hits the shadow imp!
The shadow imp is almost dead. (Press . to maintain the ray.)
Casting: Searing Ray (safe; 1% risk of failure)
Confirm with . or Enter, or press ? or * to list all spells.
Restarting spell: Searing Ray (safe; 1% risk of failure)
Press: ? - help, Shift-Dir - straight line, f - kobold demonologist, p - shadow imp
Aim: a kobold demonologist, wielding a +0 dagger and wearing a +0 robe (76% to hit)
The searing ray hits the kobold demonologist!
The kobold demonologist is moderately wounded. (Press . to maintain the ray.)
The searing ray hits the kobold demonologist.
The kobold demonologist is moderately wounded.
A gnoll comes into view. It is wielding a +0 whip.
The kobold demonologist casts a spell.
The searing ray hits the shadow imp!
You kill the shadow imp!
The shadow imp disappears in a puff of smoke!
The searing ray hits the kobold demonologist but does no damage.
The kobold demonologist is moderately wounded.
The sixfirhy hits you! The sixfirhy shocks you! The sixfirhy hits you!
The sixfirhy shocks you! The sixfirhy hits you. The sixfirhy shocks you!
* * * LOW HITPOINT WARNING * * *
The shadow imp gestures at you.
You struggle to resist.
The kobold demonologist miscasts a cantrip.
As you read the scroll of teleportation, it crumbles to dust.
You feel strangely unstable. The sixfirhy misses you. The sixfirhy hits you.
* * * LOW HITPOINT WARNING * * *
The sixfirhy shocks you!
* * * LOW HITPOINT WARNING * * *
The sixfirhy hits you.
You die...
Fedhas appreciates your contribution to the ecosystem.

.........).#.## #....
........#......#####....
...................#....
...................#....
...........>.......#....
.....K.............#
.g...........#######
.....5§3.....#
...)..†@.....#
#####........#
#........# #........≈≈≈
#......♣♣♣♣♣ #####.#♣
#.# .# .#


You could see a kobold demonologist, a sixfirhy (summoned), a gnoll and a shadow
imp (summoned).

Vanquished Creatures
  Joseph (D:7)
  Sigmund (D:5)
  Edmund (D:5)
  A water moccasin (D:6)
  Duvessa (D:4)
  A sky beast (D:7)
  3 black bears
  2 centaurs
  An ogre (D:4)
  3 phantoms
  4 bullfrogs
  A kobold brigand (D:6)
  4 necrophages
  3 scorpions
  4 wights (D:6)
  Dowan (D:4)
  4 killer bees (D:8)
  A jelly (D:6)
  A gnoll bouda (D:4)
  Crazy Yiuf (D:7)
  2 orc priests (D:6)
  Jessica (D:3)
  6 iguanas
  3 orc wizards
  6 gnolls
  7 adders
  A shadow imp (D:7)
  3 white imps (D:6)
  An ufetubus (D:5)
  A worm (D:2)
  3 dart slugs
  14 orcs
  8 bats
  4 endoplasms
  2 giant cockroaches
  7 goblins
  10 hobgoblins
  5 jackals
  A quokka (D:2)
  6 ball pythons
  2 frilled lizards
  11 kobolds
  2 rats
145 creatures vanquished.

Notes
Turn   | Place    | Note
-------+----------+-------------------------------------------
     0 | D:1      | experimilk the Draconian Conjurer began the quest for the
                  | Orb.
     0 | D:1      | Reached XP level 1. HP: 14/14 MP: 3/3
   293 | D:1      | Reached XP level 2. HP: 20/20 MP: 0/5
   296 | D:1      | Learned a level 2 spell: Searing Ray
  1206 | D:2      | Reached skill level 5 in Conjurations
  1278 | D:2      | Reached XP level 3. HP: 26/26 MP: 4/6
  2485 | D:3      | Reached XP level 4. HP: 33/33 MP: 5/7
  2912 | D:3      | Noticed Jessica
  2914 | D:3      | Killed Jessica
  2915 | D:3      | Reached skill level 6 in Conjurations
  3025 | D:3      | Found a snail-covered altar of Cheibriados.
  3317 | D:3      | Learned a level 4 spell: Iskenderun's Mystic Blast
  3380 | D:4      | Noticed a necrophage
  3390 | D:4      | Killed a necrophage
  3391 | D:4      | Reached XP level 5. HP: 38/38 MP: 1/8
  3516 | D:4      | Reached skill level 7 in Conjurations
  3628 | D:4      | Noticed Duvessa
  3628 | D:4      | Noticed Dowan
  3643 | D:4      | Killed Duvessa
  3644 | D:4      | Reached XP level 6. HP: 15/45 MP: 4/9
  3669 | D:4      | HP: 2/45 [Dowan/shard of ice (31)]
  3916 | D:4      | Found a transporter.
  3916 | D:4      | Noticed mcwallace's ghost (amateur OpAE)
  3936 | D:4      | Found a transporter.
  4066 | D:4      | Reached skill level 8 in Conjurations
  4213 | D:4      | Killed Dowan
  4214 | D:4      | Your scales start taking on a dull iron-grey colour.
  4214 | D:4      | Reached XP level 7. HP: 50/50 MP: 4/10
  4888 | D:5      | Entered Level 5 of the Dungeon
  4901 | D:5      | Noticed Edmund
  4914 | D:5      | Killed Edmund
  4915 | D:5      | Reached skill level 9 in Conjurations
  5081 | D:5      | Noticed Sigmund
  5097 | D:5      | Killed Sigmund
  5337 | D:5      | Reached skill level 10 in Conjurations
  5454 | D:5      | Reached XP level 8. HP: 58/58 MP: 6/11
  5544 | D:5      | Reached skill level 1 in Fighting
  5808 | D:5      | Found an ornate altar of the Wu Jian Council.
  6475 | D:6      | Reached skill level 11 in Conjurations
  6975 | D:6      | Reached skill level 12 in Conjurations
  7295 | D:6      | Found a blossoming altar of Fedhas.
  7324 | D:6      | Reached XP level 9. HP: 68/68 MP: 8/12
  7451 | D:6      | Became a worshipper of Fedhas Madash
  7638 | D:7      | Noticed Joseph
  7658 | D:7      | Killed Joseph
  7899 | D:7      | Found a staircase to the Ecumenical Temple.
  8345 | D:7      | Found a runed translucent door.
  8346 | D:7      | Noticed Crazy Yiuf
  8538 | D:7      | Killed Crazy Yiuf
  8679 | D:8      | Reached skill level 13 in Conjurations
  8829 | D:8      | Learned a level 4 spell: Fulminant Prism
  8860 | D:8      | Reached * piety under Fedhas
  8871 | D:8      | Noticed a kobold demonologist
  8878 | D:8      | Noticed a sixfirhy
  8879 | D:8      | Slain by a sixfirhy

Illustrated notes

Levels and vault maps discovered:
D:1:      lemuel_arrival_hallway, layout_rooms, minmay_misc_feat_more_columns,
          minmay_pentomino_w2
D:2:      layout_basic
D:3:      layout_basic, chei_slow_surprise, uniq_jessica
D:4:      kennysheep_big_flooded_room, layout_loops_ring,
          gammafunk_ghost_mausoleum, uniq_duvessa
D:5:      cheibrodos_helix_gallery, layout_gridville, nzn_wu_jian_contemplation,
          minmay_misc_feat_four_crosses, patterned_corridor, uniq_sigmund,
          uniq_edmund
D:6:      layout_loops_ring, mainiacjoe_overflow_paths
D:7:      layout_loops_ring, minmay_temple_entry_slanted, uniq_joseph,
          uniq_crazy_yiuf_cottage
D:8:      layout_basic, nzn_overflow_gifts_of_might_and_magic,
          introduction_to_nature_1

Skill      XL: |  1  2  3  4  5  6  7  8  9 |
---------------+----------------------------+-----
Conjurations   | 5 6 7 8 10 12 13 | 13.3
Dodging        | 2 |  2.0
Fighting       | 2 4 |  4.0
Spellcasting   | 4 |  4.0
Stealth        | |  1.7

Action                   |  1- 3 |  4- 6 |  7- 9 || total
-------------------------+-------+-------+-------++-------
Melee: Unarmed           |    11 |       |       ||    11
       Whip              |    12 |       |       ||    12
       Tailslap          |     4 |     4 |       ||     8
       Trident           |     2 |    27 |     3 ||    32
       Halberd           |       |       |     3 ||     3
 Cast: Magic Dart        |    54 |    18 |    80 ||   152
       Searing Ray       |     8 |    17 |    66 ||    91
       Iskenderun's Myst |       |       |     1 ||     1
Evoke: Wand              |       |     1 |     2 ||     3
  Use: Scroll            |     2 |     2 |     6 ||    10
       Potion            |       |     4 |     1 ||     5
Armor: Skin              |    10 |    20 |    37 ||    67
Dodge: Dodged            |    36 |    43 |    57 ||   136

Table legend: (Time is in decaauts)
 A = Elapsed time spent in this place.
 B = Non-inter-level travel time spent in this place.
 C = Inter-level travel time spent in this place.
 D = Time resting spent in this place.
 E = Time spent auto-exploring this place.
 F = Levels seen in this place.
 G = Mean time per level.
                   A        B        C        D        E       F      G
               +--------+--------+--------+--------+--------+-----+--------+
         Total |   8894 |   8630 |    264 |   2577 |   4859 |   8 | 1111.8 |
       Dungeon |   8894 |   8630 |    264 |   2577 |   4859 |   8 | 1111.8 |
               +--------+--------+--------+--------+--------+-----+--------+

Top non-repeatable levels by time:
     D:6: 1399 daAuts
     D:4: 1373 daAuts
     D:5: 1197 daAuts
     D:2: 1187 daAuts
     D:1: 1179 daAuts
     D:7: 1156 daAuts
     D:3: 1154 daAuts
     D:8: 246 daAuts
